 Dungeon Crawl Stone Soup version 0.17-a0-1115-g0372368 (webtiles) character file.

11715 Lugonue the Cleaver (level 11, -7/95 HPs)
             Began as a Hill Orc Necromancer on May 22, 2015.
             Was a Priest of Kikubaaqudgha.
             Engulfed by an ice statue's freezing vapour (16 damage)
             ... in an ice cave.
             The game lasted 01:15:14 (11394 turns).

Lugonue the Cleaver (Hill Orc Necromancer)         Turns: 11394, Time: 01:15:15

Health: -7/95      AC:  9    Str: 15    XL:     11   Next: 82%
Magic:  25/25      EV: 12    Int: 17    God:    Kikubaaqudgha [***...]
Gold:   403        SH:  0    Dex: 11    Spells: 5 memorised, 1 level left

rFire  + . .     SeeInvis .     v - +0 battleaxe
rCold  . . .     Clarity  .     p - +3 leather armour
rNeg   . . .     SustAt   .     (no shield)
rPois  .         Gourm    .     L - +0 helmet
rElec  .         Spirit   .     w - +0 cloak of Eternal Vigilance {rF+}
rCorr  .         Warding  .     (no gloves)
rMut   .         Stasis   .     (no boots)
MR     .....                    (no amulet)
Stlth  ++........               H - ring of magical power
                                n - ring of wizardry

@: very slightly contaminated, hasted, very quick, not resistant to hostile
enchantments, unstealthy
A: talons 1, breathe flames 1, clever 1
a: Receive Corpses, Renounce Religion, Breathe Fire


You were in an ice cave.
You worshipped Kikubaaqudgha.
Kikubaaqudgha was most pleased with you.
You were not hungry.

You visited 3 branches of the dungeon, and saw 13 of its levels.
You also visited: Ossuary and Ice Cave.

You collected 620 gold pieces.
You spent 217 gold pieces at shops.

Inventory:

Hand weapons
 m - a +3 war axe of freezing
 v - a +0 battleaxe (weapon)
Armour
 p - a +3 leather armour (worn)
 w - the +0 cloak of Eternal Vigilance (worn) {rF+}
   (You bought it in a shop on level 7 of the Dungeon)

   It protects you from fire.
 E - a +0 chain mail
 L - a +0 helmet (worn)
Jewellery
 n - a ring of wizardry (left hand)
 y - an uncursed ring of protection from fire
 H - a ring of magical power (right hand)
Magical devices
 i - a wand of teleportation (0)
 o - a wand of teleportation (2)
 t - a wand of cold (4)
 B - a wand of fireball (7)
 K - a wand of slowing (33)
Scrolls
 d - 4 scrolls of teleportation
 e - 4 scrolls of remove curse
 k - 2 scrolls of immolation
 D - a scroll of magic mapping
Potions
 a - a potion of brilliance
 f - a potion of flight
 g - a potion of magic
 l - 3 potions of invisibility
 r - 2 potions of cancellation
 z - a potion of ambrosia
 A - a potion of cure mutation
Books
 b - a book of Necromancy

   Spells                             Type                      Level
   a - Pain                           Necromancy                   1
   b - Animate Skeleton               Necromancy                   1
   c - Vampiric Draining              Necromancy                   3
   d - Regeneration                   Charms/Necromancy            3
   e - Animate Dead                   Necromancy                   4
   f - Control Undead                 Necromancy                   4
 C - a book of Unlife

   Spells                             Type                      Level
   a - Recall                         Summoning/Translocation      3
   b - Animate Dead                   Necromancy                   4
   c - Control Undead                 Necromancy                   4
   d - Cigotuvi's Embrace             Necromancy                   5
   e - Death Channel                  Necromancy                   6
   f - Simulacrum                     Ice/Necromancy               6
 F - a book of the Tempests

   Spells                             Type                      Level
   a - Static Discharge               Conjuration/Air              3
   b - Lightning Bolt                 Conjuration/Air              5
   c - Fireball                       Conjuration/Fire             5
   d - Tornado                        Air                          9
   e - Shatter                        Earth                        9
 G - a book of Annihilations {highlevel, unknown}

   This book is beyond your current level of understanding.

   Spells                             Type                      Level
   a - Poison Arrow                   Conjuration/Poison           6
   b - Chain Lightning                Conjuration/Air              8
   c - Lehudib's Crystal Spear        Conjuration/Earth            8
   d - Glaciate                       Conjuration/Ice              9
   e - Fire Storm                     Conjuration/Fire             9
 I - a book of Frost

   Spells                             Type                      Level
   a - Freeze                         Ice                          1
   b - Throw Frost                    Conjuration/Ice              2
   c - Ozocubu's Armour               Charms/Ice                   3
   d - Throw Icicle                   Conjuration/Ice              4
   e - Summon Ice Beast               Ice/Summoning                4
   f - Condensation Shield            Ice                          4
Comestibles
 c - 8 bread rations
 u - 4 slices of pizza


   Skills:
 - Level 8.8 Fighting
 - Level 12.7 Axes
 + Level 4.5 Armour
 + Level 3.5 Dodging
 - Level 2.1 Stealth
 + Level 3.9 Spellcasting
 - Level 0.1 Charms
 - Level 11.8 Necromancy


You had one spell level left.
You knew the following spells:

 Your Spells              Type           Power        Failure   Level  Hunger
a - Pain                  Necr           ####         1%          1    None
b - Vampiric Draining     Necr           #####.....   1%          3    ###....
c - Regeneration          Chrm/Necr      ###.......   3%          3    ###....
d - Control Undead        Necr           #####.....   1%          4    ####...
e - Cigotuvi's Embrace    Necr           #####.....   2%          5    ######.


Dungeon Overview and Level Annotations

Branches:
Dungeon (11/15)            Temple (1/1) D:6            Lair (1/8) D:10
    Orc (0/4) D:9

Altars:
Ashenzari
Cheibriados
Dithmenos
Elyvilon
Fedhas
Gozag
Kikubaaqudgha
Makhleb
Nemelex Xobeh
Okawaru
Qazlal
Ru
Trog
Vehumet
Xom
Zin
The Shining One

Shops:
D:7 *

Annotations:
D:10 Maud, Snorg
D:11 Gastronok IceCv exclusion: 2 ice statues


Innate Abilities, Weirdness & Mutations

You have sharp toenails.
You can breathe flames.
Your mind is acute. (Int +2)


Message History

The ice beast is heavily wounded.
You closely miss the ice beast.
The ice beast is moderately wounded.
You are engulfed in freezing vapours.
* * * LOW HITPOINT WARNING * * *
The ice beast hits you but does no damage. x2
Read which item? (? for menu, Esc to quit)
Okay, then.
Unknown command.
Drink which item? (? for menu, Esc to quit)
Okay, then.
Unknown command.
Unknown command.
Unknown command.
You are engulfed in freezing vapours.
* * * LOW HITPOINT WARNING * * *
Drink which item? (? for menu, Esc to quit)
You feel better.
You are engulfed in freezing vapours.
You die...
Kikubaaqudgha rasps: "You have failed me!
Welcome... death!"

##...# ##...#
##...## #...##
#..## ##..##
##..# ####§.##
##8#@.Y.#8##
#.Y§§§...Y.#
#..Y§§........
#..............
#...............
#...............
##..............
##...........##
##........###


You could see 4 ice beasts.

Vanquished Creatures
  Harold (D:11)
  Nergalle (D:10)
  An ugly thing (D:11)
  A troll (D:9)
  2 two-headed ogres
  A shadow (D:10)
  2 hungry ghosts (D:9)
  7 yaks
  A human (D:7)
  A deep elf fighter (D:10)
  The ghost of WhatIsLove the Grasshopper, an average DrWr (D:8)
  A hippogriff (D:9)
  A vampire mosquito (D:10)
  Grum (D:9)
  A warg (D:9)
  A soldier ant (D:10)
  3 wolves (D:9)
  A soldier ant (shapeshifter) (D:9)
  23 ice beasts
  5 orc warriors
  2 sky beasts
  A black bear (D:6)
  8 ogres
  4 phantoms
  2 centaurs (D:9)
  6 giant frogs
  2 scorpions
  14 killer bees
  8 orc priests
  A jelly (D:7)
  3 crimson imps
  2 lava snakes (D:10)
  7 orc wizards
  7 hounds
  2 iguanas
  2 sheep (D:7)
  7 worker ants
  2 big kobold zombies (Ossuary)
  A mummy (Ossuary)
  A hound skeleton (D:4)
  A worker ant zombie (D:8)
  4 gnolls
  A river rat (D:10)
  11 adders
  An adder zombie (Ossuary)
  2 adder skeletons
  3 worms
  5 giant geckos
  37 orcs
  2 giant cockroaches
  7 goblins
  17 hobgoblins
  2 jackals (D:2)
  10 kobolds
  2 ball pythons
  15 bats
  3 giant newts
  2 goblin zombies (Ossuary)
  2 hobgoblin zombies (Ossuary)
  A kobold zombie (Ossuary)
  An orc zombie (Ossuary)
  5 quokkas
  A quokka skeleton (D:5)
  23 rats
  A fungus (D:10)
297 creatures vanquished.

Vanquished Creatures (collateral kills)
  A killer bee (D:8)
  A human zombie (Ossuary)
  3 mummies (Ossuary)
  A goblin zombie (Ossuary)
  A kobold zombie (Ossuary)
7 creatures vanquished.

Vanquished Creatures (others)
  A sky beast (D:5)
1 creature vanquished.

Grand Total: 305 creatures vanquished

Notes
Turn   | Place    | Note
--------------------------------------------------------------
     0 | D:1      | Lugonue the Hill Orc Necromancer began the quest for the Orb.
     0 | D:1      | Reached XP level 1. HP: 14/14 MP: 3/3
   351 | D:1      | Reached XP level 2. HP: 10/20 MP: 1/4
   780 | D:1      | You fall through a shaft!
   855 | D:2      | Reached XP level 3. HP: 6/26 MP: 0/5
  1327 | D:2      | Learned a level 3 spell: Vampiric Draining
  1661 | D:2      | Reached XP level 4. HP: 31/33 MP: 4/7
  2631 | D:3      | Reached skill level 5 in Necromancy
  2757 | D:3      | Reached XP level 5. HP: 28/39 MP: 0/8
  3155 | D:3      | Found a glowing silver altar of Zin.
  3335 | D:3      | Reached skill level 1 in Axes
  3367 | D:3      | Learned a level 3 spell: Regeneration
  3490 | D:3      | Reached skill level 1 in Fighting
  3811 | D:4      | Reached XP level 6. HP: 32/47 MP: 10/10
  4191 | D:4      | Reached skill level 1 in Armour
  4283 | D:4      | You fall through a shaft for 3 floors!
  4503 | D:7      | Found Wuutwi's General Store.
  4758 | D:5      | Entered Level 5 of the Dungeon
  4797 | D:5      | Reached XP level 7. HP: 13/53 MP: 1/12
  4846 | D:5      | Learned a level 4 spell: Control Undead
  4858 | D:5      | Found an opulent altar of Gozag.
  4964 | D:5      | Found a sand-covered staircase.
  5052 | Ossuary  | Entered an ossuary
  5100 | Ossuary  | Reached skill level 6 in Necromancy
  5396 | D:5      | Found a sparkling altar of Nemelex Xobeh.
  5580 | D:5      | Reached XP level 8. HP: 51/61 MP: 9/13
  5951 | D:6      | Reached skill level 5 in Axes
  6200 | D:6      | Found a staircase to the Ecumenical Temple.
  6221 | Temple   | Entered the Ecumenical Temple
  6264 | Temple   | Became a worshipper of Kikubaaqudgha
  6391 | D:6      | Reached skill level 7 in Axes
  6586 | D:7      | Reached skill level 8 in Axes
  6698 | D:7      | Reached skill level 9 in Axes
  6698 | D:7      | Reached XP level 9. HP: 49/67 MP: 7/14
  6852 | D:7      | Noticed a human
  6853 | D:7      | Noticed a yak
  6853 | D:7      | Noticed a yak
  6867 | D:7      | Killed a human
  6867 | D:7      | Reached skill level 10 in Axes
  6868 | D:7      | Killed a yak
  6873 | D:7      | Killed a yak
  6873 | D:7      | Reached skill level 11 in Axes
  6943 | D:7      | Acquired Kikubaaqudgha's first power
  6943 | D:7      | Received a gift from Kikubaaqudgha
  6946 | D:7      | Identified Kikubaaqudgha's Grimoire of Darkness (Kikubaaqudgha gifted it to you on level 7 of the Dungeon)
  7081 | D:7      | Reached skill level 12 in Axes
  7192 | D:7      | Bought the cursed +0 cloak of Eternal Vigilance {rF+} for 217 gold pieces
  7349 | D:8      | Noticed WhatIsLove's ghost (average DrWr)
  7497 | D:8      | Killed WhatIsLove's ghost
  7666 | D:8      | Reached XP level 10. HP: 67/75 MP: 7/15
  8571 | D:9      | Learned a level 5 spell: Cigotuvi's Embrace
  8828 | D:9      | Acquired Kikubaaqudgha's second power
  8850 | D:9      | Found a staircase to the Orcish Mines.
  8981 | D:9      | Reached skill level 5 in Fighting
  9073 | D:9      | Noticed Grum
  9097 | D:9      | Killed Grum
  9149 | D:9      | Gained mutation: You have sharp toenails. [potion of mutation]
  9149 | D:9      | Gained mutation: Your mind is acute. (Int +2) [potion of mutation]
  9149 | D:9      | Gained mutation: You can breathe flames. [potion of mutation]
  9322 | D:10     | Entered Level 10 of the Dungeon
  9322 | D:10     | Noticed Maud
  9473 | D:10     | Reached skill level 10 in Necromancy
  9473 | D:10     | Reached XP level 11. HP: 58/90 MP: 16/16
  9566 | D:10     | Received a gift from Kikubaaqudgha
  9570 | D:10     | Identified Kikubaaqudgha's Disquisition on Necromancy (Kikubaaqudgha gifted it to you on level 10 of the Dungeon)
  9639 | D:10     | Noticed Snorg
  9666 | D:11     | Noticed Harold
  9684 | D:11     | HP: 3/92 [Harold/bolt of fire (16)]
  9692 | D:11     | Killed Harold
 10044 | D:11     | Noticed Gastronok
 10345 | D:10     | HP: 4/94 [yak (14)]
 10363 | D:10     | Noticed Nergalle
 10376 | D:10     | Killed Nergalle
 10621 | D:10     | Found a staircase to the Lair.
 10637 | Lair:1   | Entered Level 1 of the Lair of Beasts
 10657 | Lair:1   | Found a frozen archway.
 10818 | IceCv    | Entered an ice cave
 11160 | IceCv    | Noticed an ice statue
 11160 | IceCv    | Noticed an ice statue
 11393 | IceCv    | HP: 1/95 [something] (9)]
 11394 | IceCv    | Engulfed by an ice statue's freezing vapour

Vault maps used:
D:1:      scummos_arrival_simple_crosswalls
D:2:      first_bread
D:3:      nicolae_overflow_crystal_walls, minmay_misc_feat_diagonals
D:4:      minitemple, supply_closet_lemuel
D:5:      basic_altar, nicolae_ossuary_entry_monument,
          nemelex_diamond_rough_becter
D:6:      minmay_temple_entry_statues_fountains, serial_glass, glass_columns_c,
          glass_columns_a
D:7:      enter_bailey_2, serial_shops, shop, grunt_livestock
D:9:      erik_orc_3, minmay_diamond_spiral, uniq_grum
D:10:     grunt_lair_entry_elf_guard_hut, minmay_misc_feat_ornament,
          kennysheep_boxes, uniq_nergalle, uniq_maud, uniq_snorg
D:11:     hangedman_decor_slide_cut, uniq_harold, uniq_gastronok
Temple:   nicolae_temple_the_god_donut
Lair:1:   portal_ice_cave_entry_ice_beasts, cheibrodos_lair_caveside_slide,
          st_stairs_5, eino_small_chamber_without_monster
Ossuary:  ossuary_minmay_tomb_2a
IceCv:    ice_cave_small_dragons

Action                   |  1- 3 |  4- 6 |  7- 9 | 10-12 || total
-------------------------+-------+-------+-------+-------++-------
Melee: Unarmed           |    52 |    38 |       |       ||    90
       Hand axe          |       |   138 |   189 |       ||   327
       Spear             |       |     5 |       |       ||     5
       War axe           |       |       |   133 |   353 ||   486
       Battleaxe         |       |       |       |    66 ||    66
 Cast: Pain              |    57 |    84 |    39 |    37 ||   217
       Vampiric Draining |       |    13 |    31 |    28 ||    72
       Regeneration      |       |     4 |     9 |    21 ||    34
       Control Undead    |       |       |     2 |     1 ||     3
       Cigotuvi's Embrac |       |       |       |    18 ||    18
Invok: Receive Corpses   |       |       |       |     2 ||     2
Evoke: Wand              |       |       |       |     1 ||     1
  Use: Scroll            |       |    11 |    11 |     6 ||    28
       Potion            |       |     3 |     3 |    12 ||    18
 Stab: Sleeping          |     1 |     1 |       |     1 ||     3
  Eat: Chunk             |     1 |     7 |     8 |     4 ||    20
       Pizza             |     1 |       |       |     3 ||     4
       Bread ration      |       |     1 |       |       ||     1
       Royal jelly       |       |     1 |       |       ||     1
       Meat ration       |       |       |     1 |     4 ||     5
       Beef jerky        |       |       |     2 |       ||     2
